 Dungeon Crawl Stone Soup version 0.20-a0-1126-g0f15420 (webtiles) character file.

408046 sveltemanboy the Sharpshooter (level 22, 0/174 HPs)
             Began as a Demonspawn Monk on May 17, 2017.
             Was the Champion of Ru.
             Shot with a bolt by a yaktaur (9 damage)
             ... on level 4 of the Vaults.
             The game lasted 02:53:17 (56576 turns).

sveltemanboy the Sharpshooter (Demonspawn Monk)    Turns: 56576, Time: 02:53:18

Health: 0/174      AC: 33    Str: 26    XL:     22   Next: 41%
Magic:  0/21       EV: 17    Int: 16    God:    Ru [******]
Gold:   876        SH: 15    Dex: 16    Spells: 21/23 levels left

rFire    + + +     SeeInvis .   E - +3 eveningstar (drain)
rCold    x . .     Gourm    .   F - +0 shield {reflect}
rNeg     . . .     Faith    .   f - +8 fire dragon scales {Xtahua}
rPois    +         Spirit   +   (helmet unavailable)
rElec    +         Reflect  +   M - +2 cloak {MR+}
rCorr    .         Harm     .   o - +2 pair of gloves {Str+3}
MR       +++..                  z - +1 pair of boots
Stlth    ..........             i - amulet "Tiejok" {Spirit rPois MR+}
Regen    0.4/turn               g - +5 ring of evasion
MPRegen  0.2/turn               m - ring "Fapustuta" {Str+6 Slay+3}

@: no status effects
A: horns 3, thin metallic scales 3, clever 1, clumsy 1, fire resistance 1, low
mp 1, robust 1, spiny 3, augmentation 1, no stealth, inability to use devices,
hated by all, no conjurations magic, no hexes magic, no ice magic, reduced EV 1
}: 2/15 runes: serpentine, barnacled
a: Draw Out Power, Power Leap, Apocalypse, Renounce Religion


You were on level 4 of the Vaults.
You worshipped Ru.
Ru was exalted by your worship.
You were not hungry.

You visited 7 branches of the dungeon, and saw 38 of its levels.
You also visited: Labyrinth, Sewer and Ice Cave.

You collected 4314 gold pieces.
You spent 3438 gold pieces at shops.

Inventory:

Hand Weapons
 a - a +6 great mace of freezing
 b - a +0 arbalest of flaming
 E - a +3 eveningstar of draining (weapon)
 K - the +2 morningstar "Bafelano" {speed, +Blink MR+++ Str+3 Dex-3}
   (You found it on level 3 of the Vaults)

   Attacks with this weapon are significantly faster.
   It affects your strength (+3).
   It affects your dexterity (-3).
   It affects your resistance to hostile enchantments.
   It lets you blink.
Missiles
 x - 1177 bolts
Armour
 f - +8 fire dragon scales (worn) {Xtahua}
 o - a +2 pair of gloves of strength (worn)
 z - a +1 pair of boots (worn)
 F - a +0 shield of reflection (worn)
 M - a +2 cloak of magic resistance (worn)
Jewellery
 g - a +5 ring of evasion (left hand)
 i - the amulet "Tiejok" (around neck) {Spirit rPois MR+}
   (You acquired it on level 11 of the Dungeon)

   [amulet of guardian spirit]

   It causes incoming damage to be split between your health and magic.
   It protects you from poison.
   It affects your resistance to hostile enchantments.
 m - the ring "Fapustuta" (right hand) {Str+6 Slay+3}
   (You bought it in a shop on level 2 of the Orcish Mines)

   [ring of strength]

   It affects your strength (+6).
   It affects your accuracy and damage with ranged weapons and melee attacks
   (+3).
 q - an uncursed ring of resist corrosion
Scrolls
 h - 6 scrolls of identify
 j - 11 scrolls of teleportation
 n - 13 scrolls of remove curse
 s - 6 scrolls of fog
 u - a scroll of silence
 v - 2 scrolls of amnesia
 y - 4 scrolls of blinking
 B - 6 scrolls of magic mapping
 C - 3 scrolls of fear
Potions
 d - 2 potions of curing
 e - 7 potions of flight
 p - 5 potions of magic
 t - 4 potions of lignification
 A - a potion of agility
 D - a potion of berserk rage
 H - a potion of haste
 I - 4 potions of cancellation
Comestibles
 c - 25 bread rations
 l - 6 chunks of flesh
 r - 18 meat rations
 G - 14 fruits
 P - 21 royal jellies


   Skills:
 - Level 10.0 Fighting
   Level 2.6 Long Blades
 - Level 20.0 Maces & Flails
 - Level 20.3 Crossbows
 - Level 11.0 Armour
 - Level 11.0 Dodging
 + Level 16.0 Shields
 - Level 1.2 Spellcasting
 - Level 4.0 Translocations


You had 21 spell levels left.
You knew the following spells:

 Your Spells              Type           Power        Failure   Level  Hunger
a - Blink                 Tloc           N/A          14%         2    ###....


Dungeon Overview and Level Annotations

Branches:
Dungeon (15/15)            Temple (0/1) D:7            Lair (6/6) D:11
 Shoals (4/4) Lair:3        Snake (4/4) Lair:4        Slime (0/5) Lair:5
    Orc (2/2) D:9             Elf (2/3) Orc:2        Vaults (5/5) D:13
  Crypt (0/3) Vaults:3     Depths (0/5) D:15

Altars:
Ashenzari
Cheibriados
Dithmenos
Elyvilon
Gozag
Hepliaklqana
Kikubaaqudgha
Makhleb
Nemelex Xobeh
Ru
Trog
Wu Jian
Xom
Zin
The Shining One
Beogh
Jiyva

Shops:
D:5 ?   D:10 :   Orc:1 %   Orc:2 *=(=:*[!?   Elf:1 =   Shoals:1 *   Shoals:3 *
Snake:2 !

Annotations:
Lair:5 1 runed door


Innate Abilities, Weirdness & Mutations

You have a pair of large horns on your head.
You are completely covered in thin metallic scales. (AC +4, rElec)
You are clumsy. (Dex -2)
Your flesh is heat resistant. (rF+)
You are completely covered in sharp spines.
Your magical and physical power is slightly enhanced at high health.
You cannot be stealthy.
You cannot study or use magical devices.
You are hated by all.
You cannot study or cast Conjurations magic.
You cannot study or cast Hexes magic.
You cannot study or cast Ice magic.
You have somewhat slow reflexes. (EV -5)
Your mind is acute. (Int +2)
Your magical capacity is low. (-10% MP)
You are robust. (+10% HP)


Message History

Something smites you!
* * * LOW HITPOINT WARNING * * *
Unknown command.
You impale the vault sentinel!!
You kill the vault sentinel!
You feel better.
A yaktaur comes into view.
You feel better.
The yaktaur wields an arbalest.
The yaktaur shoots a bolt.
The bolt hits you but does no damage. The sphinx is struck by your spines.
The sphinx closely misses you. You block the sphinx's attack. x2
You skewer the sphinx like a kebab!!!
The sphinx is severely wounded.
The sphinx casts a spell.
Something smites you!
* * * LOW HITPOINT WARNING * * *
You focus your will and illuminate the sphinx in retribution!
You bludgeon the sphinx!!
You kill the sphinx!
The yaktaur shoots a bolt.
The bolt hits you!
You die...

..#..#...................[#......
..####....................#).....
..#..#....................#......
..'..#........[...........#).....
..#..#....................'......
..####.......###########..#######
.....#.......#.........#.........
.#####.......#.........#.....[...
.#)..#.......#.)@.>....#.........
.')..#.......#.........#....###'#
.#)..#.......c.........#...###..#
######.......#.........#..## #..#
.....#.......###'#######.## ##..#
.....#.......#....#####..####⌠..⌠
.....#.......#.##.#..##..#.......
###)##.......#.##.'..##..'.......
#...)........#....##'##..####⌠..⌠


You could see a yaktaur.

Vanquished Creatures
  Saint Roka (Orc:2)
  Margery (Vaults:4)
  Xtahua (Vaults:2)
  Vashnia (Snake:2)
  Nikola (Shoals:2)
  Jory (Vaults:3)
  Rupert (Snake:1)
  A lich (Vaults:4)
  2 sphinxes (Vaults:4)
  Frances (Shoals:1)
  Polyphemus (Shoals:2)
  A tengu reaver (Vaults:4)
  Donald (D:13)
  The ghost of Leszczynek the Geomancer, a journeyman TrEE of Wu Jian (Shoals:3)
  A storm dragon (Vaults:4)
  Ilsuiw (Shoals:4)
  9 nagarajas
  3 deep elf sorcerers
  An orc warlord (Orc:1)
  A fire giant (Vaults:4)
  13 vault wardens
  A ghoul (Vaults:2)
  3 frost giants
  Louise (Shoals:1)
  A curse skull (Vaults:3)
  2 deep elf elementalists
  10 ironheart preservers
  2 war gargoyles
  A very ugly thing (Vaults:4)
  4 entropy weavers
  5 stone giants
  A vampire knight (Vaults:3)
  5 merfolk javelineers (Shoals:4)
  2 ettins
  3 deep elf death magi (Elf:1)
  7 merfolk impalers
  A minotaur (Lab)
  A deep elf high priest (Vaults:5)
  A fire dragon (Vaults:4)
  9 ogre magi
  8 yaktaur captains
  2 great orbs of eyes
  Harold (Lair:2)
  30 vault guards
  15 naga warriors
  11 hydras
  A rakshasa (Vaults:2)
  2 death knights
  3 merfolk avatars
  24 two-headed ogres
  8 merfolk aquamancers
  5 anacondas
  23 dancing weapons
  4 ice dragons
  8 centaur warriors
  2 deep troll shamans (Vaults:1)
  2 catoblepae
  4 satyrs
  9 death yaks
  23 deep elf knights
  7 shock serpents
  An orc high priest (Orc:2)
  27 naga sharpshooters
  4 hell knights (Vaults:4)
  5 salamander mystics
  A skeletal warrior (Vaults:2)
  9 sea snakes
  A glowing orange brain (Vaults:2)
  13 deep trolls
  A tengu zombie (Vaults:3)
  3 unseen horrors
  A kraken simulacrum (Shoals:4)
  2 lindwurms
  A phantasmal warrior (Vaults:3)
  10 deep elf archers
  2 wizards
  8 naga ritualists
  19 ironbrand convokers
  15 mana vipers
  14 orc knights
  27 harpies
  2 necromancers
  45 deep elf magi
  22 fauns
  An orb spider (shapeshifter) (D:15)
  24 ugly things
  A shining eye (shapeshifter) (Vaults:4)
  6 wolf spiders
  8 cyclopes
  5 orc sorcerers
  19 salamanders
  5 manticores
  A stone giant zombie (Vaults:3)
  15 vault sentinels
  2 ice statues (IceCv)
  Maurice (D:9)
  6 merfolk sirens
  4 water nymphs
  24 naga magi
  52 black mambas
  A guardian serpent (Snake:1)
  A gargoyle (D:15)
  8 spiny frogs
  A rime drake (shapeshifter) (D:13)
  A spiny frog (shapeshifter) (Vaults:3)
  4 rime drakes
  9 komodo dragons
  40 yaktaurs
  3 freezing wraiths
  21 merfolk
  8 trolls
  A jumping spider (shapeshifter) (Vaults:4)
  5 hornets
  A tyrant leech (shapeshifter) (Vaults:4)
  A jumping spider (Vaults:3)
  A merfolk (shapeshifter) (Vaults:2)
  12 polar bears
  4 wind drakes
  25 slime creatures
  13 blink frogs
  3 raiju (Lair:6)
  10 hippogriffs
  2 meliai zombies (D:13)
  9 snapping turtles
  A dream sheep (shapeshifter) (D:15)
  8 dream sheep
  An air elemental (Elf:2)
  5 redbacks (Vaults:3)
  A vampire (D:14)
  2 frost giant simulacra (Vaults:3)
  A spriggan (D:9)
  16 water elementals
  3 wyverns
  An ettin skeleton (Vaults:3)
  6 wraiths
  A tarantella (shapeshifter) (Vaults:5)
  A fire bat (shapeshifter) (D:13)
  47 yaks
  7 hogs
  3 basilisks
  5 hungry ghosts
  3 vampire mosquitoes (D:14)
  10 wargs
  A soldier ant (D:13)
  A soldier ant (shapeshifter) (D:14)
  74 nagas
  Edmund (D:6)
  2 acid dragons
  12 hell hounds (Lair:6)
  15 water moccasins
  8 porcupines
  38 orc warriors
  17 ice beasts
  2 sky beasts
  13 black bears
  3 phantoms
  An eye of draining (D:12)
  A wolf (shapeshifter) (Vaults:2)
  3 necrophages
  4 boggarts (Vaults:2)
  21 ogres
  14 centaurs
  16 wolves
  16 crocodiles
  3 big kobolds
  16 bullfrogs
  An earth elemental (Elf:2)
  2 wyvern skeletons (D:13)
  9 scorpions
  16 killer bees
  An orc simulacrum (Vaults:2)
  15 wights
  A troll skeleton (Lab)
  A howler monkey (D:13)
  7 crimson imps
  3 bullfrog zombies
  3 centaur zombies
  2 bullfrog skeletons
  9 hounds
  5 jellies
  3 quasits
  Crazy Yiuf (D:3)
  19 orc priests
  4 centaur skeletons
  30 orc wizards
  12 worker ants
  2 hell rats (Lair:6)
  2 iguanas
  4 yak simulacra (Lair:5)
  A polar bear simulacrum (Lair:5)
  2 wolf simulacra (Lair:5)
  A hound skeleton (D:7)
  11 river rats
  18 adders
  11 gnolls
  3 shadow imps
  12 white imps (Lair:5)
  An ooze (D:2)
  An adder zombie (D:5)
  An adder skeleton (D:5)
  A worm (D:2)
  4 dart slugs (D:1)
  3 leopard geckos
  104 orcs
  4 bats
  5 giant cockroaches
  9 goblins
  7 hobgoblins
  12 jackals
  28 kobolds
  8 quokkas
  5 ball pythons
  3 frilled lizards
  3 leopard gecko skeletons
  A leopard gecko zombie (D:8)
  2 quokka zombies
  10 rats
  4 river rat simulacra (Lair:5)
  A fungus (D:4)
  A tentacle (Shoals:4)
1720 creatures vanquished.

Vanquished Creatures (others)
  A fire giant (Vaults:4)
  A vault warden (Vaults:5)
  A hydra (D:15)
  2 merfolk aquamancers (Shoals:4)
  A centaur warrior (D:13)
  An ogre mage (Vaults:2)
  A sea snake (Shoals:2)
  A deep elf mage (Elf:2)
  A mana viper (Snake:3)
  2 yaktaurs
  2 water elementals
  2 nagas
  An ogre (Vaults:2)
  A hound (D:13)
  2 orcs (Orc:2)
  A ball python (Snake:2)
  2 fungi (Lair:6)
  26 plants
  4 tentacles (Shoals:4)
53 creatures vanquished.

Grand Total: 1773 creatures vanquished

Notes
Turn   | Place    | Note
-------+----------+-------------------------------------------
     0 | D:1      | sveltemanboy the Demonspawn Monk began the quest for the Orb.
     0 | D:1      | Reached XP level 1. HP: 18/18 MP: 1/1
   254 | D:1      | Gained mutation: You have a pair of small horns on your head. [demonic ancestry]
   254 | D:1      | Reached XP level 2. HP: 24/24 MP: 2/2
   256 | D:1      | Reached skill level 1 in Armour
   705 | D:1      | Reached XP level 3. HP: 29/29 MP: 3/3
  1579 | D:3      | Found a sacrificial altar of Ru.
  1658 | D:3      | Became a worshipper of Ru the Awakened
  1666 | D:3      | Gained mutation: You cannot study or cast Ice magic. [Ru sacrifice]
  1666 | D:3      | Gained mutation: You cannot study or cast Hexes magic. [Ru sacrifice]
  1666 | D:3      | Gained mutation: You cannot study or cast Conjurations magic. [Ru sacrifice]
  1666 | D:3      | Reached * piety under Ru
  1706 | D:3      | Reached XP level 4. HP: 34/35 MP: 4/4
  1851 | D:3      | Noticed an ogre
  1867 | D:3      | Killed an ogre
  1867 | D:3      | Gained mutation: You have a pair of horns on your head. [demonic ancestry]
  1867 | D:3      | Reached XP level 5. HP: 23/41 MP: 5/5
  2053 | D:3      | Found a shimmering altar of Xom.
  2467 | D:3      | Found a runed door.
  2534 | D:3      | Noticed Crazy Yiuf
  2544 | D:3      | Killed Crazy Yiuf
  2639 | D:4      | Reached XP level 6. HP: 47/47 MP: 6/6
  2766 | D:4      | Found a snail-covered altar of Cheibriados.
  3291 | D:4      | Reached skill level 5 in Maces & Flails
  3386 | D:4      | Found a glowing golden altar of the Shining One.
  3462 | D:4      | Gained mutation: You have a pair of large horns on your head. [demonic ancestry]
  3462 | D:4      | Reached XP level 7. HP: 52/52 MP: 7/7
  3590 | D:5      | Entered Level 5 of the Dungeon
  3655 | D:5      | Found a burning altar of Makhleb.
  3817 | D:5      | Found a white marble altar of Elyvilon.
  3892 | D:5      | Gained mutation: You cannot be stealthy. [Ru sacrifice]
  3892 | D:5      | Reached ** piety under Ru
  4142 | D:5      | Found Couteol's Magic Scroll Shop.
  4174 | D:5      | Bought a scroll of remove curse for 36 gold pieces
  4174 | D:5      | Bought a scroll of identify for 24 gold pieces
  4191 | D:5      | Found a glowing drain.
  4239 | Sewer    | Entered a sewer
  4457 | Sewer    | Found a white marble altar of Elyvilon.
  4718 | D:6      | Gained mutation: You are partially covered in sharp spines. [demonic ancestry]
  4718 | D:6      | Reached XP level 8. HP: 30/59 MP: 8/8
  5007 | D:6      | Found a hazy altar of Hepliaklqana.
  5106 | D:6      | Found an opulent altar of Gozag.
  5106 | D:6      | Found a sparkling altar of Nemelex Xobeh.
  5106 | D:6      | Noticed Edmund
  5124 | D:6      | Killed Edmund
  5268 | D:6      | Found an ancient bone altar of Kikubaaqudgha.
  5453 | D:7      | Noticed a hornet
  5468 | D:7      | Paralysed by a hornet for 1 turns
  5471 | D:7      | Killed a hornet
  5471 | D:7      | Reached skill level 10 in Maces & Flails
  5471 | D:7      | Reached XP level 9. HP: 18/64 MP: 9/9
  5708 | D:7      | Found a staircase to the Ecumenical Temple.
  5896 | D:7      | Got a wavering amber ring
  5897 | D:7      | Identified the ring of Nuracvi {rElec rC+ Str+4 Slay-5} (You found it on level 7 of the Dungeon)
  6200 | D:7      | Found an ornate altar of the Wu Jian Council.
  6634 | D:7      | Learned a level 2 spell: Blink
  6962 | D:8      | Noticed a manticore
  6969 | D:8      | Killed a manticore
  6969 | D:8      | Reached skill level 1 in Spellcasting
  7120 | D:8      | Reached skill level 1 in Translocations
  7681 | D:9      | Noticed a two-headed ogre
  7700 | D:9      | Killed a two-headed ogre
  7700 | D:9      | Gained mutation: Your flesh is heat resistant. (rF+) [demonic ancestry]
  7700 | D:9      | Reached XP level 10. HP: 45/69 MP: 11/11
  7812 | D:9      | Found a sacrificial altar of Ru.
  7851 | D:9      | Noticed Maurice
  7867 | D:9      | Killed Maurice
  8201 | D:9      | Found a staircase to the Orcish Mines.
  8327 | D:9      | Found a glowing silver altar of Zin.
  8451 | D:9      | Found a shattered altar of Ashenzari.
  8750 | D:10     | Entered Level 10 of the Dungeon
  8753 | D:10     | Got a shimmering leather armour
  8766 | D:10     | Identified the +3 leather armour of Cocytus {rElec rC+++ Int-4 Dex+4} (You found it on level 10 of the Dungeon)
  8789 | D:10     | Found a shadowy altar of Dithmenos.
  8803 | D:10     | Noticed a two-headed ogre
  8815 | D:10     | Killed a two-headed ogre
  8955 | D:10     | Found Fusmebij's Book Boutique.
  9077 | D:10     | Gained mutation: You are clumsy. (Dex -2) [mutagenic meat]
  9078 | D:10     | Gained mutation: You are robust. (+10% HP) [mutagenic meat]
  9079 | D:10     | Gained mutation: Your mind is acute. (Int +2) [mutagenic meat]
  9080 | D:10     | Gained mutation: Your magical capacity is low. (-10% MP) [mutagenic meat]
  9692 | D:11     | Noticed a cyclops
  9701 | D:11     | Killed a cyclops
  9701 | D:11     | Reached XP level 11. HP: 64/81 MP: 11/11
 10322 | D:11     | Noticed a death yak
 10324 | D:11     | Noticed a death yak
 10346 | D:11     | Killed a death yak
 10362 | D:11     | Noticed a death yak
 10364 | D:11     | Noticed a death yak
 10366 | D:11     | Noticed a death yak
 10368 | D:11     | Noticed a death yak
 10371 | D:11     | Noticed a death yak
 10379 | D:11     | Killed a death yak
 10387 | D:11     | Killed a death yak
 10392 | D:11     | Killed a death yak
 10392 | D:11     | Reached skill level 15 in Maces & Flails
 10398 | D:11     | Killed a death yak
 10408 | D:11     | Killed a death yak
 10411 | D:11     | Killed a death yak
 10441 | D:11     | Found a staircase to the Lair.
 10855 | D:11     | Identified a scroll of acquirement
 10856 | D:11     | Got a brightly glowing tin amulet
 10858 | D:11     | Identified the amulet "Tiejok" {Spirit rPois MR+} (You acquired it on level 11 of the Dungeon)
 10989 | D:12     | Found a labyrinth entrance.
 11134 | Lab      | Entered a labyrinth
 11846 | Lab      | Noticed a minotaur
 11854 | Lab      | Killed a minotaur
 11854 | Lab      | Reached XP level 12. HP: 52/90 MP: 6/12
 12036 | Lab      | Got a warped scale mail
 12067 | D:12     | Identified the cursed +1 scale mail of Sesset {rElec} (You found it in a labyrinth)
 13149 | D:11     | Noticed a two-headed ogre
 13149 | Lair:1   | Entered Level 1 of the Lair of Beasts
 15314 | Lair:3   | Noticed Harold
 15449 | Lair:2   | Killed Harold
 15717 | Lair:3   | Found a staircase to the Shoals.
 15955 | Lair:3   | Noticed a four-headed hydra
 15963 | Lair:3   | Killed a four-headed hydra
 16584 | Lair:4   | Gained mutation: You are partially covered in thin metallic scales. (AC +2) [demonic ancestry]
 16584 | Lair:4   | Reached XP level 13. HP: 77/95 MP: 10/13
 16791 | Lair:4   | Found a staircase to the Snake Pit.
 17060 | Lair:4   | Reached skill level 5 in Dodging
 17327 | Lair:4   | Gained mutation: You have somewhat slow reflexes. (EV -5) [Ru sacrifice]
 17327 | Lair:4   | Reached *** piety under Ru
 17876 | Lair:5   | Reached skill level 5 in Armour
 17902 | Lair:5   | Found a frozen archway.
 17926 | IceCv    | Entered an ice cave
 18331 | IceCv    | Reached skill level 1 in Crossbows
 18496 | IceCv    | Got a pitted golden amulet
 18504 | IceCv    | Identified the amulet of Cagaego {RegenMP *Corrode *Slow rN++ Str+4} (You found it in an ice cave)
 19166 | Lair:5   | Found a runed door.
 19166 | Lair:5   | Found a viscous altar of Jiyva.
 19285 | Lair:5   | Noticed an acid blob
 19286 | Lair:5   | Noticed an acid blob
 19287 | Lair:5   | Found a staircase to the Slime Pits.
 19287 | Lair:5   | Noticed an acid blob
 19543 | Lair:6   | Entered Level 6 of the Lair of Beasts
 19563 | Lair:6   | Gained mutation: You are hated by all. [Ru sacrifice]
 19563 | Lair:6   | Reached **** piety under Ru
 19607 | Lair:6   | Noticed Kirke
 19608 | Lair:6   | Noticed Kirke
 19608 | Lair:6   | Kirke changed into Kirke the hog
 19615 | Lair:6   | Killed Kirke the hog
 20294 | Lair:6   | Reached XP level 14. HP: 67/102 MP: 8/14
 21467 | Lair:6   | Reached skill level 5 in Crossbows
 22036 | Lair:6   | Gained mutation: You cannot study or use magical devices. [Ru sacrifice]
 22036 | Lair:6   | Reached ***** piety under Ru
 22577 | Orc:1    | Entered Level 1 of the Orcish Mines
 22577 | Orc:1    | Found a roughly hewn altar of Beogh.
 22719 | Orc:1    | Found a bloodstained altar of Trog.
 22818 | Orc:1    | Found Lasabul's Food Boutique.
 23102 | Orc:2    | Entered Level 2 of the Orcish Mines
 23105 | Orc:2    | Noticed an orc warlord
 23124 | Orc:1    | Killed an orc warlord
 23219 | Orc:2    | Found Eguniyf's Magic Scroll Shoppe.
 23243 | Orc:2    | Noticed Saint Roka
 23510 | Orc:2    | Found a roughly hewn altar of Beogh.
 23918 | Orc:1    | Mutation became permanent: You are clumsy. (Dex -2) [Ru sacrifice]
 23918 | Orc:1    | Gained mutation: You are clumsy. (Dex -2) [Ru sacrifice]
 23918 | Orc:1    | Reached ****** piety under Ru
 23985 | Orc:2    | Killed Saint Roka
 24304 | Orc:2    | Found Ihimucvi's Jewellery Shoppe.
 24347 | Orc:2    | HP: 4/102 [warg[an orc knight] (7)]
 24348 | Orc:2    | Found Jut Cekhla's Distillery.
 24718 | Orc:2    | Bought a potion of experience for 550 gold pieces
 24718 | Orc:2    | Gained mutation: You are mostly covered in thin metallic scales. (AC +3) [demonic ancestry]
 24718 | Orc:2    | Reached XP level 15. HP: 117/117 MP: 15/15
 24872 | Orc:2    | Found Qeusa's Antique Armour Shoppe.
 25011 | Orc:2    | Found Yntiq's Book Shop.
 25019 | Orc:2    | Found a staircase to the Elven Halls.
 25071 | Orc:2    | Gained mutation: Your magical and physical power is slightly enhanced at high health. [demonic ancestry]
 25071 | Orc:2    | Reached XP level 16. HP: 72/124 MP: 9/16
 25304 | Orc:2    | Found Ekkiphox's Assorted Antiques.
 25312 | Orc:2    | Bought 2 glowing cyan potions for 66 gold pieces
 25323 | Orc:2    | Found Xuqed's Jewellery Boutique.
 25328 | Orc:2    | Bought the ring "Fapustuta" {Str+6 Slay+3} for 1015 gold pieces
 25337 | Orc:2    | Found Innin's Antique Weapon Shoppe.
 25352 | Orc:2    | Found Ryhiadgh's General Store.
 25462 | Orc:2    | Bought a scroll of brand weapon for 280 gold pieces
 26303 | D:13     | Found a gate to the Vaults.
 27273 | D:15     | Entered Level 15 of the Dungeon
 27429 | D:15     | Reached skill level 10 in Crossbows
 27464 | D:15     | Found a staircase to the Depths.
 28170 | Snake:1  | Entered Level 1 of the Snake Pit
 28389 | Snake:1  | Noticed Rupert
 28410 | Snake:1  | Killed Rupert
 30282 | Snake:2  | Found Nuofyih's Distillery.
 30503 | Snake:2  | Noticed Vashnia
 30821 | Snake:2  | Gained mutation: You are mostly covered in sharp spines. [demonic ancestry]
 30821 | Snake:2  | Reached XP level 17. HP: 117/130 MP: 17/17
 31537 | Snake:2  | Found a glowing golden altar of the Shining One.
 31685 | Snake:2  | Killed Vashnia
 33805 | Snake:4  | Entered Level 4 of the Snake Pit
 34925 | Snake:4  | Gained mutation: You are completely covered in thin metallic scales. (AC +4, rElec) [demonic ancestry]
 34925 | Snake:4  | Reached XP level 18. HP: 116/137 MP: 15/17
 34931 | Snake:4  | Reached skill level 15 in Crossbows
 35947 | Snake:4  | Got a serpentine rune of Zot
 36528 | Shoals:1 | Entered Level 1 of the Shoals
 36528 | Shoals:1 | Noticed Frances
 36553 | Shoals:1 | Killed Frances
 37341 | Shoals:1 | Noticed Louise
 37363 | Shoals:1 | Killed Louise
 37784 | Shoals:1 | Found Deoneg's Assorted Antiques.
 37787 | Shoals:1 | Bought a scroll labeled VUEQAG VIEMOH for 32 gold pieces
 37882 | Shoals:2 | Noticed Nikola
 37896 | Shoals:2 | Killed Nikola
 38023 | Shoals:2 | Reached skill level 10 in Dodging
 38050 | Shoals:2 | Noticed Polyphemus
 38068 | Shoals:2 | Killed Polyphemus
 38360 | Shoals:3 | Noticed Leszczynek's ghost (journeyman TrEE)
 38362 | Shoals:4 | Entered Level 4 of the Shoals
 38385 | Shoals:4 | Reached skill level 10 in Armour
 38755 | Shoals:4 | Noticed Ilsuiw
 38776 | Shoals:3 | HP: 3/137 [Leszczynek's ghost (14)]
 39349 | Shoals:3 | Killed Leszczynek's ghost
 39456 | Shoals:3 | Gained mutation: You are completely covered in sharp spines. [demonic ancestry]
 39456 | Shoals:3 | Reached XP level 19. HP: 132/143 MP: 18/18
 39513 | Shoals:3 | Found Pumiyqux's Island Escapes.
 40053 | Shoals:4 | Killed Ilsuiw
 41700 | Shoals:4 | Got a barnacled rune of Zot
 42018 | Vaults:1 | Entered Level 1 of the Vaults
 42533 | Vaults:1 | Noticed Donald
 42920 | D:13     | Killed Donald
 44532 | Vaults:2 | Noticed Xtahua
 44552 | Vaults:2 | Killed Xtahua
 45275 | Vaults:2 | Reached XP level 20. HP: 158/158 MP: 19/19
 47119 | Elf:1    | Entered Level 1 of the Elven Halls
 47269 | Elf:1    | Reached skill level 10 in Fighting
 47811 | Elf:1    | Found Eroinu Buena's Jewellery Emporium.
 48438 | Elf:2    | Found a runed gate.
 48438 | Elf:2    | Found a runed gate.
 48438 | Elf:2    | Found a runed gate.
 50822 | D:10     | Bought a manual of Shields for 1435 gold pieces
 51166 | Vaults:3 | Reached skill level 1 in Shields
 51206 | Vaults:3 | Reached XP level 21. HP: 67/168 MP: 9/20
 51405 | Vaults:3 | Reached skill level 5 in Shields
 51735 | Vaults:3 | Found a staircase to the Crypt.
 51977 | Vaults:3 | Noticed Jory
 52019 | Vaults:3 | Killed Jory
 52327 | Vaults:3 | Reached skill level 10 in Shields
 52425 | Vaults:3 | Got a twisted morningstar
 52426 | Vaults:3 | Identified the +2 morningstar "Bafelano" {speed, +Blink MR+++ Str+3 Dex-3} (You found it on level 3 of the Vaults)
 53337 | Vaults:4 | Noticed Margery
 53371 | Vaults:4 | Killed Margery
 55066 | Vaults:4 | Reached XP level 22. HP: 174/174 MP: 21/21
 55086 | Vaults:5 | Entered Level 5 of the Vaults
 55096 | Vaults:5 | Reached skill level 15 in Shields
 56545 | Vaults:5 | Noticed a golden dragon
 56560 | Vaults:4 | HP: 2/174 [frost giant/bolt of cold (56)]
 56571 | Vaults:4 | HP: 1/174 [sphinx/divine providence (10)]
 56576 | Vaults:4 | Shot with a bolt by a yaktaur

Vault maps used:
D:1:      minmay_arrival_arboretum_small, serial_curves, eino_curves_03,
          eino_curves_04, hangedman_glass_teeth
D:3:      nicolae_overflow_hidden_temple, first_bread, kennysheep_pointless_box,
          lemuel_tele_altar, uniq_crazy_yiuf_cottage
D:4:      lemuel_crystal_altar, grunt_decor_cap, minmay_gold_behind_fungi,
          kennysheep_another_room, kennysheep_diamond
D:5:      basic_altar, serial_shops, shop_fountains, gup_sewer_entry_glass,
          elyvilon_altar_1
D:6:      grunt_temple_overflow_opulence, kiku_gazebo_pond_becter,
          kennysheep_mini, minmay_misc_feat_five, uniq_edmund
D:7:      nicolae_overflow_crystal_walls, minmay_temple_entry_statues_pillars,
          dk_rats_in_the_wall
D:8:      kennysheep_generic_room_15
D:9:      lemuel_round_altar, kennysheep_little_box, marbit_many_paths,
          erik_orc_3, the_bakery, uniq_maurice
D:10:     basic_altar, serial_shops, shop_coins
D:11:     dpeg_lair_monsters, nicolae_sextant
D:12:     lab_entry_generic
D:13:     david_vaults_4
D:14:     serial_glass, glass_columns_a, glass_columns_b, glass_columns_a,
          glass_columns_a, glass_columns_a, glass_columns_b
D:15:     hangedman_depths_entry_try_elsewhere_first, minmay_misc_feat_roman
Lair:2:   beast_lair_carwin_1
Lair:3:   minmay_shoals_entry_centaurs, st_stairs_12, minmay_holes,
          beast_lair_carwin_9, uniq_harold
Lair:4:   guppyfry_snake_entry_garden, uniq_kirke
Lair:5:   slime_altar_2, portal_ice_cave_entry_imps, eino_house_with_fridge
Lair:6:   hangedman_lair_caniforms_friends, minivault_19, minivault_25,
          kennysheep_rathole
Shoals:1: serial_shops, nicolae_shop_window_shopping, uniq_louise, uniq_frances
Shoals:2: uniq_polyphemus, uniq_nikola
Shoals:3: nicolae_island_escapes
Shoals:4: shoals_end_grunt_ice, shoals_ilsuiw_alternative
Snake:1:  grunt_megastairs_4, uniq_rupert
Snake:2:  basic_altar, serial_shops, shop_statue, nicolae_snake_springs,
          uniq_vashnia
Snake:4:  minmay_snake_end_coiled, nicolae_coiled_stairwell_up
Orc:1:    serial_shops, nicolae_shop_behind_doors, basic_altar,
          trog_hazing_becter
Orc:2:    grunt_orc_cross, serial_shops, shop_statue, shop_statue, shop, shop,
          shop
Elf:1:    eino_elf_arrival_sip, serial_shops, nicolae_shop_statue_plus,
          minmay_elf_crystal_heptagon
Vaults:1: v_pattern_4, nicolae_vaults_disjoint_gnomons,
          nicolae_vaults_stairing_the_circle, nicolae_vaults_three_branches,
          hangedman_vaults_slice, v_alt_pattern_2, uniq_donald
Vaults:2: v_misc_15, hangedman_vaults_nodes, v_misc_15, ontoclasm_vaults_hangar,
          ontoclasm_vaults_ring_large, hangedman_vaults_capsules,
          nicolae_vaults_border_crossing, vaults_room_stairs_pillars, v_misc_27,
          uniq_xtahua
Vaults:3: vaults_standard_mumra_lines, vaults_room_fours, vaults_room_pool,
          v_misc_24, v_misc_3, ontoclasm_vaults_ring_large,
          minmay_crypt_entry_simple_corners, v_rooms_6, v_rooms_1, v_misc_29,
          v_misc_16, vaults_room_grid, v_misc_19, uniq_jory
Vaults:4: hangedman_vaults_snaps, v_misc_18, v_misc_27, v_rooms_2,
          nicolae_vaults_little_squares_4, v_misc_9, vaults_room_stairs_pillars,
          vaults_dpeg_cross, hangedman_vaults_stagger,
          nicolae_vaults_little_squares_6, nicolae_vaults_murderbox,
          uniq_margery
Lab:      nicolae_lab_plus, labyrinth_glass_2, nicolae_lab_very_dead_end,
          labyrinth_lava_lair, labyrinth_glass_1
Sewer:    sewer_kobolds
IceCv:    ice_cave_small_dragons

Skill      XL: |  1  2  3  4  5  6  7  8  9 10 11 12 13 14 15 16 17 18 19 20 21 22 |
---------------+-------------------------------------------------------------------+-----
Armour         | 1 2 3 4 5 8 10 11 | 11.0
Dodging        | 3 4 5 6 8 10 11 | 11.0
Maces & Flails | 2 3 5 7 10 11 13 16 17 18 20 | 20.0
Stealth        | 0 |  0.0
Spellcasting   | 1 |  1.2
Translocations | 2 4 |  4.0
Crossbows      | 4 7 13 14 16 18 20 | 20.3
Fighting       | 6 9 10 | 10.0
Shields        | 4 14 16 | 16.0
Long Blades    | |  2.6

Action                   |  1- 3 |  4- 6 |  7- 9 | 10-12 | 13-15 | 16-18 | 19-21 | 22-24 || total
-------------------------+-------+-------+-------+-------+-------+-------+-------+-------++-------
Melee: Falchion          |   124 |    20 |       |       |       |       |       |       ||   144
       Headbutt          |    18 |    35 |    65 |   153 |   215 |   287 |   359 |    51 ||  1183
       Mace              |       |   118 |   247 |       |       |       |       |       ||   365
       Dire flail        |       |       |   108 |   592 |   746 |       |       |       ||  1446
       Demon whip        |       |       |       |       |    18 |       |       |       ||    18
       Great mace        |       |       |       |       |   228 |   936 |   679 |       ||  1843
       Arbalest          |       |       |       |       |       |       |     1 |       ||     1
       Morningstar       |       |       |       |       |       |       |   341 |       ||   341
       Eveningstar       |       |       |       |       |       |       |   128 |   143 ||   271
 Fire: Arbalest          |       |       |       |       |     2 |   431 |   499 |       ||   932
Invok: Sacrifice Arcana  |     1 |       |       |       |       |       |       |       ||     1
       Sacrifice Stealth |       |       |     1 |       |       |       |       |       ||     1
       Reject Sacrifices |       |       |     1 |     1 |       |       |       |       ||     2
       Sacrifice Health  |       |       |       |       |     1 |       |       |       ||     1
       Sacrifice Love    |       |       |       |       |     1 |       |       |       ||     1
       Power Leap        |       |       |       |       |     3 |     4 |       |       ||     7
       Sacrifice Purity  |       |       |       |       |     1 |       |       |       ||     1
       Sacrifice Artific |       |       |       |       |     1 |       |       |       ||     1
       Draw Out Power    |       |       |       |       |       |     2 |       |       ||     2
       Apocalypse        |       |       |       |       |       |       |       |     1 ||     1
Evoke: Wand              |       |       |     3 |    14 |       |       |       |       ||    17
  Use: Potion            |       |       |     4 |     8 |    12 |    14 |     3 |     5 ||    46
       Scroll            |       |       |       |    28 |     8 |    12 |    11 |       ||    59
 Stab: Sleeping          |     5 |     1 |       |       |       |       |     1 |       ||     7
       Invisible         |       |       |     1 |       |     8 |     6 |     5 |     1 ||    21
       Confused          |       |       |     4 |     2 |       |       |       |       ||     6
       Paralysed         |       |       |       |       |     5 |     4 |     7 |       ||    16
       Distracted        |       |       |       |       |     2 |     8 |     7 |       ||    17
  Eat: Chunk             |     3 |     5 |    14 |    22 |    28 |    36 |    47 |     5 ||   160
       Royal jelly       |       |       |       |     4 |       |       |       |       ||     4
       Fruit             |       |       |       |     2 |       |    13 |     2 |       ||    17
Armor: Ring mail         |    16 |    25 |    70 |    17 |       |       |       |       ||   128
       Leather armour    |       |       |       |    58 |   195 |   220 |    82 |       ||   555
       Fire dragon scale |       |       |       |       |       |       |   223 |    82 ||   305
Dodge: Dodged            |    80 |   103 |   214 |   281 |   469 |   534 |   568 |    80 ||  2329
Block: Shield            |       |       |       |       |       |       |   145 |   122 ||   267
       Reflection        |       |       |       |       |       |       |    13 |    15 ||    28
       Rpst.: Falchion   |    20 |     5 |       |       |       |       |       |       ||    25
